[Event "ICC tourney 2715 (40 10)"]
[Site "Internet Chess Club"]
[Date "2021.10.23"]
[Round "2"]
[White "DHURJATI, ANAGHA:amdink"]
[Black "XU, JOEY:JoeyXu"]
[Result "1-0"]
[ICCResult "Black checkmated"]
[WhiteElo "1566"]
[BlackElo "1391"]
[Opening "French: Tarrasch"]
[ECO "C03"]
[NIC "FR.14"]
[Time "13:15:21"]
[PlyCount "77"]
[TimeControl "2400+10"]

1. e4 e6 2. d4 d5 3. Nd2 a6 4. Ngf3 c5 5. exd5 exd5 6. c3 Nf6 7. Bd3 Bd6 8.
O-O O-O 9. Re1 Nc6 10. h3 Qb6 11. Nf1 Be6 12. Ng5 Rfe8 13. Qc2 h6 14. Nxe6
Rxe6 15. Rxe6 fxe6 16. Be2 cxd4 17. Bxh6 Ne5 18. cxd4 Qxd4 19. Rd1 Qh4 20.
Be3 Kf7 21. Rd4 Qh7 22. Qc1 Nc6 23. Rd1 Rh8 24. Bxa6 Ne5 25. Be2 Qg6 26. Ng3
Ned7 27. Bd3 Ne4 28. Bxe4 dxe4 29. Rxd6 Ne5 30. Bd4 Nc6 31. Qf4+ Kg8 32. Bc3
Qh6 33. Qg4 Kh7 34. Rxe6 Qc1+ 35. Kh2 Rg8 36. Qh5+ Qh6 37. Rxh6+ gxh6 38.
Qf7+ Rg7 39. Qxg7# {Black checkmated} 1-0

[Event "ICC tourney 2715 (40 10)"]
[Site "Internet Chess Club"]
[Date "2021.10.23"]
[Round "2"]
[White "TREUSDELL, ROSS G:IveDoneEnough"]
[Black "ZHUGE, KATHERINE:FlowingMelody"]
[Result "1-0"]
[ICCResult "Black checkmated"]
[WhiteElo "1797"]
[BlackElo "1452"]
[Opening "Sicilian: Anderssen variation"]
[ECO "B41"]
[NIC "SI.41"]
[Time "13:15:23"]
[PlyCount "59"]
[TimeControl "2400+10"]

1. e4 c5 2. Nf3 e6 3. d4 cxd4 4. Nxd4 Nf6 5. Bd3 Nc6 6. Nxc6 dxc6 7. Nc3 Be7
8. O-O O-O 9. Be3 b6 10. f4 Bb7 11. e5 Nd5 12. Nxd5 cxd5 13. Rf3 d4 14. Rh3
g6 15. Bf2 Qd5 16. Qg4 Rac8 17. Re1 Rfd8 18. Bh4 Qd7 19. Bf6 Bxf6 20. exf6
Qe8 21. Qh4 h5 22. Qg5 Rc5 23. Re5 Rxe5 24. fxe5 Qc6 25. Rg3 Qe8 26. Qxh5
Rc8 27. Qh6 Qf8 28. Rxg6+ fxg6 29. Qxg6+ Kh8 30. Qh7# {Black checkmated} 1-0

[Event "ICC tourney 2715 (40 10)"]
[Site "Internet Chess Club"]
[Date "2021.10.23"]
[Round "2"]
[White "WILLY, STEPHEN:stephenwilly"]
[Black "WU, EVERETT:EW2006"]
[Result "1-0"]
[ICCResult "Black resigns"]
[WhiteElo "1685"]
[BlackElo "1606"]
[Opening "Scotch gambit: Benima defense"]
[ECO "C50"]
[NIC "IG.03"]
[Time "13:15:19"]
[PlyCount "91"]
[TimeControl "2400+10"]

1. e4 e5 2. Nf3 Nc6 3. Bc4 Be7 4. d4 exd4 5. Nxd4 Ne5 6. Bb3 Nc6 7. Nc3 Nf6
8. O-O O-O 9. Be3 Nxd4 10. Bxd4 d6 11. Qd3 c5 12. Be3 Be6 13. Rad1 Bxb3 14.
axb3 Ng4 15. Bf4 Ne5 16. Bxe5 dxe5 17. Qg3 Qc7 18. Rd5 Bf6 19. Rfd1 Rad8 20.
Nb5 Qb8 21. Nd6 b6 22. h3 g6 23. h4 Bg7 24. h5 Bf6 25. hxg6 hxg6 26. c3 Qc7
27. f4 exf4 28. Qxf4 Qe7 29. R1d3 Bg7 30. e5 Qe6 31. c4 f6 32. Rh3 fxe5 33.
Qh4 Rxd6 34. Qh7+ Kf7 35. Rf3+ Ke8 36. Qxg7 Rxf3 37. Rxe5 Rf7 38. Rxe6+ Rxe6
39. Qg8+ Ke7 40. Qb8 Kf6 41. Qh8+ Kf5 42. Kh2 Ree7 43. Qc8+ Ke5 44. g4 Rf2+
45. Kg3 Rxb2 46. Qh8+ {Black resigns} 1-0

[Event "ICC tourney 2715 (40 10)"]
[Site "Internet Chess Club"]
[Date "2021.10.23"]
[Round "2"]
[White "BONDALAPATI, SRI VIBHAV:Vibhu11"]
[Black "GUO, ELLA:SunnyCountry"]
[Result "1-0"]
[ICCResult "Black resigns"]
[WhiteElo "1742"]
[BlackElo "1195"]
[Opening "Sicilian: Scheveningen (Paulsen), classical variation"]
[ECO "B84"]
[NIC "SI.23"]
[Time "13:15:31"]
[PlyCount "71"]
[TimeControl "2400+10"]

1. e4 c5 2. Nf3 d6 3. d4 cxd4 4. Nxd4 Nf6 5. Nc3 a6 6. Be2 e6 7. O-O Be7 8.
Be3 Nc6 9. a4 O-O 10. Nxc6 bxc6 11. Bf3 Rb8 12. b3 c5 13. a5 Nd7 14. Be2 Bf6
15. Bd2 Bb7 16. Ra2 Qc7 17. Bf3 Rfd8 18. Na4 Bc6 19. Nb6 Re8 20. Bf4 e5 21.
Bd2 Nxb6 22. axb6 Qe7 23. Rxa6 Bb5 24. Ra7 Rb7 25. c4 Bc6 26. Be3 Rd8 27.
Qa1 Rxa7 28. Qxa7 Qxa7 29. bxa7 Ra8 30. Ra1 Bd8 31. Ra6 Bb7 32. Rxd6 Bc7 33.
Rd7 Rxa7 34. h3 Bb6 35. b4 Bc6 36. Rd6 {Black resigns} 1-0

[Event "ICC tourney 2715 (40 10)"]
[Site "Internet Chess Club"]
[Date "2021.10.23"]
[Round "2"]
[White "Zilbermintz, Lev:chessrex"]
[Black "PUPPALLA, PRANAY:checkmate1823"]
[Result "1-0"]
[ICCResult "Black checkmated"]
[WhiteElo "1734"]
[BlackElo "1611"]
[Opening "Blackmar-Diemer gambit"]
[ECO "A45"]
[NIC "QP.07"]
[Time "13:15:31"]
[PlyCount "99"]
[TimeControl "2400+10"]

1. d4 Nf6 2. f3 d5 3. e4 dxe4 4. Nc3 exf3 5. Nxf3 Bg4 6. h3 Bh5 7. g4 Bg6 8.
Ne5 e6 9. Qf3 c6 10. g5 Nd5 11. Bd3 Qe7 12. Nxd5 exd5 13. Bxg6 hxg6 14. O-O
Qe6 15. Kg2 f5 16. gxf6 gxf6 17. Ng4 Nd7 18. Bg5 Qf5 19. Qe2+ Qe4+ 20. Qxe4+
dxe4 21. Nxf6+ Nxf6 22. Bxf6 Rh5 23. Rae1 Rf5 24. Rxe4+ Kf7 25. Be5 Bh6 26.
Rh4 Rxf1 27. Kxf1 Be3 28. Ke2 Bg1 29. Rg4 Bxd4 30. Bxd4 Re8+ 31. Kf2 Re6 32.
Bxa7 Kf6 33. Bd4+ Kf5 34. c3 g5 35. Be3 Rg6 36. Rxg5+ Rxg5 37. Bxg5 Kxg5 38.
Kg3 Kh5 39. a4 b5 40. a5 c5 41. a6 b4 42. cxb4 cxb4 43. a7 b3 44. a8=Q Kh6
45. Qe4 Kh5 46. Qf5+ Kh6 47. Kg4 Kg7 48. Kg5 Kg8 49. Kg6 Kh8 50. Qf8#
{Black checkmated}
1-0

[Event "ICC tourney 2715 (40 10)"]
[Site "Internet Chess Club"]
[Date "2021.10.23"]
[Round "2"]
[White "madabushi, raghavan:jayrag"]
[Black "GILLMAN, JONES:JonesGill"]
[Result "1-0"]
[ICCResult "Black checkmated"]
[WhiteElo "1599"]
[BlackElo "1427"]
[Opening "QGD: semi-Slav, Noteboom variation"]
[ECO "D11"]
[NIC "QP.08"]
[Time "13:15:23"]
[PlyCount "141"]
[TimeControl "2400+10"]

1. d4 d5 2. Nf3 c6 3. c4 e6 4. Nc3 dxc4 5. e3 b5 6. a3 Nf6 7. Bd2 Bd6 8. e4
Bc7 9. Bg5 h6 10. Bh4 g5 11. Bg3 Ba5 12. Qc2 g4 13. Nd2 Qxd4 14. Rd1 Bxc3
15. bxc3 Qb6 16. Be2 Nbd7 17. a4 e5 18. Rb1 Qc5 19. axb5 cxb5 20. f3 gxf3
21. Bxf3 Bb7 22. Bf2 Qc6 23. Qb2 a6 24. Qb4 Rg8 25. Nxc4 Qxc4 26. Qxc4 bxc4
27. Rxb7 Rb8 28. Rxb8+ Nxb8 29. Ke2 Kf8 30. Rb1 Kg7 31. Bg3 Nfd7 32. Ke3 f6
33. Be2 Rc8 34. Rb4 a5 35. Rxc4 Rxc4 36. Bxc4 Nb6 37. Bb5 a4 38. Kd2 Kf7 39.
Bf2 N8d7 40. c4 Ke6 41. c5 a3 42. cxb6 a2 43. Bc4+ Kd6 44. Bxa2 Kc6 45. Bd5+
Kb5 46. b7 Ka6 47. Kc3 Nb8 48. Bc5 Nd7 49. Bd6 Kb5 50. b8=Q+ Nxb8 51. Bxb8
Kc5 52. Bc7 Kb5 53. Bd8 Kc5 54. Bxf6 Kd6 55. Bg7 Ke7 56. Bxh6 Kf6 57. Bf8
Kg5 58. Kc4 Kg4 59. Kc5 Kf4 60. Kd6 Ke3 61. Kxe5 Kd2 62. Kd6 Kd1 63. e5 Kc1
64. e6 Kd1 65. e7 Kc1 66. e8=Q Kd1 67. Bf3+ Kc1 68. Bh6+ Kb1 69. Qe2 Ka1 70.
Bg7+ Kb1 71. Qb2# {Black checkmated} 1-0

[Event "ICC tourney 2715 (40 10)"]
[Site "Internet Chess Club"]
[Date "2021.10.23"]
[Round "2"]
[White "MENON, ROHAN Dileep:KIDFIRE"]
[Black "WU, WINSTON:K01-30022609"]
[Result "1-0"]
[ICCResult "Black checkmated"]
[WhiteElo "1542"]
[BlackElo "1351"]
[Opening "QGD: Neo-orthodox variation, 7.Bh4"]
[ECO "D56"]
[NIC "QP.08"]
[Time "13:15:25"]
[PlyCount "129"]
[TimeControl "2400+10"]

1. d4 d5 2. c4 e6 3. Nf3 Nf6 4. Bg5 Be7 5. e3 h6 6. Bh4 O-O 7. Nc3 c6 8. Be2
Bd7 9. O-O Na6 10. Ne5 Nh7 11. Bxe7 Qxe7 12. Bd3 Ng5 13. f4 Nh7 14. Rf3 Nb4
15. Bxh7+ Kxh7 16. Qb3 Be8 17. a3 Na6 18. f5 exf5 19. Rxf5 dxc4 20. Qxc4 f6
21. Qd3 g6 22. Nxc6 Bxc6 23. Ra5 Rfe8 24. Re1 Be4 25. Qb5 Bc6 26. Qb3 Be4
27. Nxe4 Qxe4 28. Qf7+ Kh8 29. Qxf6+ Kg8 30. Qf3 Rad8 31. Qxe4 Rxe4 32. Kf2
Rf8+ 33. Ke2 Rfe8 34. Kd3 Rg4 35. g3 Rge4 36. b4 R4e6 37. e4 Ra8 38. d5 Ree8
39. Kd4 Nc7 40. Rf1 b6 41. Ra4 Nb5+ 42. Kd3 Rac8 43. Rf6 Rc3+ 44. Kd2 Rxe4
45. Rxg6+ Kh7 46. Rc6 Rxc6 47. dxc6 Rc4 48. Ra6 Rxc6 49. a4 Nd6 50. Rxa7+
Kg6 51. b5 Rc4 52. Ra6 Nc8 53. a5 Ra4 54. axb6 Rxa6 55. b7 Ra2+ 56. Kc1 Rxh2
57. bxc8=Q Rh1+ 58. Kd2 Rh2+ 59. Ke3 Re2+ 60. Kxe2 Kg5 61. Kf3 h5 62. Qg8+
Kh6 63. Kf4 h4 64. gxh4 Kh5 65. Qg5# {Black checkmated} 1-0

[Event "ICC tourney 2715 (40 10)"]
[Site "Internet Chess Club"]
[Date "2021.10.23"]
[Round "2"]
[White "SARAFUDINOV, ANDREY:whyyoutrysohard"]
[Black "Stricker, Paul A:PStricker"]
[Result "1-0"]
[ICCResult "Black resigns"]
[WhiteElo "1611"]
[BlackElo "1442"]
[Opening "Queen's gambit declined"]
[ECO "D30"]
[NIC "QP.08"]
[Time "13:15:27"]
[PlyCount "51"]
[TimeControl "2400+10"]

1. d4 d5 2. c4 e6 3. Nf3 Nf6 4. g3 c5 5. cxd5 exd5 6. Bg2 Nc6 7. O-O Bd6 8.
dxc5 Bxc5 9. b3 O-O 10. Bb2 Be6 11. e3 Rc8 12. Nc3 a6 13. Rc1 Qd6 14. Ne2
Ne4 15. Nd2 f5 16. Nxe4 fxe4 17. Nf4 Bf7 18. Qg4 Ne5 19. Qe2 Rfd8 20. h4 Be8
21. Rfd1 Bb5 22. Qh5 Nd3 23. Nxd3 Bxd3 24. Bf1 Bxf1 25. Kxf1 Rc7 26. Be5
{Black resigns}
1-0

[Event "ICC tourney 2715 (40 10)"]
[Site "Internet Chess Club"]
[Date "2021.10.23"]
[Round "2"]
[White "Feng, Jay:TheDeadlyPawn"]
[Black "SULTAN, BASHIR Cisse:muzikmixer"]
[Result "1-0"]
[ICCResult "Black resigns"]
[WhiteElo "1358"]
[BlackElo "1561"]
[Opening "Queen's Pawn"]
[ECO "A41"]
[NIC "QO.17"]
[Time "13:15:35"]
[PlyCount "91"]
[TimeControl "2400+10"]

1. d4 d6 2. Bf4 g6 3. Nc3 Bg7 4. e4 Nd7 5. Qd2 e5 6. dxe5 dxe5 7. Be3 Ne7 8.
O-O-O O-O 9. Bh6 Bxh6 10. Qxh6 c6 11. Nf3 f6 12. Bc4+ Kh8 13. Be6 Ng8 14.
Qd2 Qc7 15. Bxd7 Rd8 16. h4 Bxd7 17. Qe3 b6 18. h5 g5 19. Nh2 Be6 20. Qf3
Rxd1+ 21. Rxd1 Rd8 22. g4 Rxd1+ 23. Qxd1 Qd7 24. Qxd7 Bxd7 25. f3 Nh6 26.
Kd2 Kg7 27. Nf1 Kf7 28. Ne2 Be6 29. Ne3 Ke7 30. a3 Kd6 31. c4 Ng8 32. Ng3
Ne7 33. b4 a5 34. Kc3 h6 35. Ngf5+ Bxf5 36. gxf5 axb4+ 37. Kxb4 c5+ 38. Kb5
Nc6 39. Ng4 Nd4+ 40. Kxb6 Nxf3 41. Nxh6 Nh2 42. a4 g4 43. Nxg4 Nxg4 44. a5
Ne3 45. h6 Nxc4+ 46. Kb5 {Black resigns} 1-0

[Event "ICC tourney 2715 (40 10)"]
[Site "Internet Chess Club"]
[Date "2021.10.23"]
[Round "2"]
[White "VIDENA, DANIEL TUAPEN:Davide25"]
[Black "JAMMALAMADAKA, VIHAAN:smashattack"]
[Result "0-1"]
[ICCResult "White checkmated"]
[WhiteElo "1651"]
[BlackElo "1550"]
[Opening "QGD: Grau (Sahovic) defense"]
[ECO "D06"]
[NIC "QP.08"]
[Time "13:15:24"]
[PlyCount "106"]
[TimeControl "2400+10"]

1. d4 d5 2. c4 Bf5 3. Nc3 e6 4. Nf3 Nc6 5. cxd5 exd5 6. Bf4 Nf6 7. e3 Bd6 8.
Bxd6 cxd6 9. Bb5 O-O 10. O-O Rc8 11. Nd2 Ne7 12. Qf3 Bg6 13. g3 Qb6 14. a4
Qd8 15. Qg2 a6 16. Be2 Qb6 17. Ra2 Bf5 18. Rc1 Ne4 19. Ndxe4 dxe4 20. Rc2
Qb3 21. Rd2 Nd5 22. Ra3 Qb4 23. Rc2 Nxc3 24. Raxc3 Rxc3 25. Rxc3 Qxb2 26. g4
Qxe2 27. Rc7 Qd1+ 28. Qf1 Qxg4+ 29. Qg2 Rc8 30. Qxg4 Bxg4 31. Rxb7 Bf3 32.
Rb1 h5 33. h4 Rc6 34. Rb8+ Kh7 35. Rb7 Kg6 36. Ra7 Rc1+ 37. Kh2 Rh1+ 38. Kg3
Rg1+ 39. Kh2 Rg2+ 40. Kh3 Rxf2 41. Rxa6 Bg4+ 42. Kg3 Rf3+ 43. Kg2 Rxe3 44.
Rxd6+ Kh7 45. a5 f5 46. a6 Ra3 47. Re6 f4 48. Re5 Ra2+ 49. Kf1 f3 50. d5
Bh3+ 51. Kg1 f2+ 52. Kh2 f1=Q+ 53. Kg3 Qf3# {White checkmated} 0-1

[Event "ICC tourney 2715 (40 10)"]
[Site "Internet Chess Club"]
[Date "2021.10.23"]
[Round "2"]
[White "WHALEN, JAMES:baystatejim1776"]
[Black "CAI, ALAN ZHUOCHENG:flying-ninja"]
[Result "1-0"]
[ICCResult "Black checkmated"]
[WhiteElo "1839"]
[BlackElo "1379"]
[Opening "Sicilian: Najdorf, Lipnitzky attack"]
[ECO "B86"]
[NIC "SI.13"]
[Time "13:21:03"]
[PlyCount "65"]
[TimeControl "2400+10"]

1. e4 c5 2. Nf3 d6 3. d4 cxd4 4. Nxd4 Nf6 5. Nc3 a6 6. Bc4 e6 7. f3 Be7 8.
a3 O-O 9. Be3 b5 10. Ba2 Bb7 11. Qd2 Nc6 12. Nce2 Rc8 13. g4 Ne5 14. Rf1 Nc4
15. Bxc4 Rxc4 16. h4 Qd7 17. Rh1 Rfc8 18. c3 a5 19. h5 a4 20. g5 Ne8 21. g6
Nc7 22. h6 fxg6 23. hxg7 Bf6 24. Bh6 Bxg7 25. O-O-O Na6 26. Bxg7 Kxg7 27.
Qh6+ Kg8 28. Nxe6 Nc5 29. Ng5 Rc7 30. Nf4 Qc6 31. Nxg6 Rxc3+ 32. Kb1 Nb3 33.
Qf8# {Black checkmated} 1-0

[Event "ICC tourney 2715 (40 10)"]
[Site "Internet Chess Club"]
[Date "2021.10.23"]
[Round "2"]
[White "KURBANOV, ABROR:Abror"]
[Black "TANG, VINCENT:VincentT2008"]
[Result "0-1"]
[ICCResult "White forfeits on time"]
[WhiteElo "1805"]
[BlackElo "1614"]
[Opening "Scotch gambit: Dubois-Réti defense"]
[ECO "C55"]
[NIC "KP.02"]
[Time "13:15:32"]
[PlyCount "148"]
[TimeControl "2400+10"]

1. e4 e5 2. d4 exd4 3. Nf3 Nc6 4. Bc4 Nf6 5. e5 d5 6. Bb5 Ne4 7. Nxd4 Bd7 8.
Bxc6 bxc6 9. O-O Bc5 10. Be3 Bb6 11. a4 a5 12. f3 Ng5 13. f4 Ne4 14. Nd2
Nxd2 15. Qxd2 c5 16. Nf3 d4 17. Bf2 Bc6 18. Bh4 Qd7 19. b3 O-O 20. Qf2 Qf5
21. Qg3 Qg6 22. Qxg6 hxg6 23. Nd2 Rae8 24. Rae1 Re6 25. Nc4 Rfe8 26. g4 Bd5
27. Bg3 f5 28. g5 Kf7 29. Rd1 Rb8 30. Rb1 Ree8 31. Be1 Ra8 32. Rd1 Be4 33.
Rf2 Red8 34. Rfd2 Bf3 35. Rb1 Be4 36. Kf2 Rh8 37. Kg3 Ke6 38. Rbd1 Rh7 39.
h4 Rah8 40. Rh2 Ra8 41. c3 d3 42. Nb2 Rd8 43. Rhd2 Rdh8 44. Kh3 c4 45. Nxc4
Bc5 46. Rb2 Kd5 47. Rh2 Rb8 48. Nxa5 Be3 49. Kg3 Rbh8 50. Nc4 Bg1 51. Rh3
Rb8 52. Na5 Bb6 53. Nc4 Bg1 54. Nd2 Be3 55. Rb1 c5 56. Nf1 Bg1 57. Bf2 Bxf2+
58. Kxf2 d2 59. Ne3+ Kc6 60. Rb2 Rd8 61. Ke2 Bd3+ 62. Kd1 c4 63. bxc4 Ra8
64. Kxd2 Be4 65. Rb4 Kc5 66. Rb5+ Kc6 67. Nd5 Rxa4 68. Ne7+ Kd7 69. Nxg6
Rxc4 70. Nf8+ Kc6 71. Nxh7 Kxb5 72. Nf8 Rc8 73. Ne6 g6 74. h5 gxh5
{White forfeits on time}
0-1

[Event "ICC tourney 2715 (40 10)"]
[Site "Internet Chess Club"]
[Date "2021.10.23"]
[Round "2"]
[White "BRUDNO, STEPHEN:StevChess01"]
[Black "Fong, Kevin:kleong12"]
[Result "0-1"]
[ICCResult "White checkmated"]
[WhiteElo "1607"]
[BlackElo "1759"]
[Opening "Queen's Indian accelerated"]
[ECO "A50"]
[NIC "QP.07"]
[Time "13:15:22"]
[PlyCount "112"]
[TimeControl "2400+10"]

1. d4 Nf6 2. c4 b6 3. f3 Nc6 4. e4 e5 5. Ne2 Bb4+ 6. Bd2 Qe7 7. d5 Nb8 8.
Nec3 c6 9. Be2 Bc5 10. a3 Nh5 11. g3 O-O 12. f4 Nxf4 13. Bxf4 exf4 14. Nd2
fxg3 15. hxg3 Qg5 16. Nf1 Bb7 17. Qc2 g6 18. Qd2 Qxd2+ 19. Kxd2 Na6 20. Ne3
Rae8 21. Ng4 Bd4 22. Raf1 Nc5 23. Bd3 f6 24. Bc2 h5 25. Nf2 cxd5 26. cxd5
Ba6 27. Nd3 Bxc3+ 28. bxc3 Nxe4+ 29. Kc1 Nxg3 30. Rfg1 Nxh1 31. Rxh1 Bxd3
32. Bxd3 f5 33. Kd2 Kg7 34. c4 d6 35. a4 a5 36. Rb1 Rb8 37. Ke2 Kf6 38. Kf3
g5 39. Rb2 Rfe8 40. Rh2 h4 41. Rb2 Re1 42. Kf2 Ra1 43. Re2 g4 44. Re6+ Kg5
45. Rxd6 Ra3 46. Be2 Kf4 47. Rh6 h3 48. d6 Rd8 49. Bf1 Ra2+ 50. Kg1 Kg3 51.
c5 bxc5 52. Re6 f4 53. Rh6 Ra1 54. Rh5 Rxd6 55. Rxc5 h2+ 56. Kh1 Rxf1#
{White checkmated}
0-1

[Event "ICC tourney 2715 (40 10)"]
[Site "Internet Chess Club"]
[Date "2021.10.23"]
[Round "2"]
[White "LIN, GABRIEL:danaglin"]
[Black "MOGILEVSKI, PETE:pmogilevski"]
[Result "1/2-1/2"]
[ICCResult "Game drawn by mutual agreement"]
[WhiteElo "1641"]
[BlackElo "1531"]
[Opening "Hungarian defense"]
[ECO "C50"]
[NIC "IG.03"]
[Time "13:15:59"]
[PlyCount "109"]
[TimeControl "2400+10"]

1. e4 e5 2. Nf3 Nc6 3. Bc4 Be7 4. c3 d6 5. d4 exd4 6. cxd4 Nf6 7. Nc3 h6 8.
O-O O-O 9. Re1 Bg4 10. Be3 Bh5 11. h3 a6 12. g4 Bg6 13. Nh4 Bh7 14. Nf5 Bxf5
15. gxf5 Kh7 16. Kh2 Nd7 17. Rg1 Bf6 18. Rg2 Nb6 19. Bb3 Nd7 20. Qd2 Qe7 21.
Rag1 Na5 22. f3 Nxb3 23. axb3 Nb6 24. f4 Rad8 25. Qc1 Rg8 26. e5 Bh4 27. Ne4
dxe5 28. fxe5 Nd5 29. Bd2 Qd7 30. Rg4 Be7 31. f6 gxf6 32. Rh4 Rg6 33. Rxg6
fxg6 34. Bxh6 Kg8 35. exf6 Nxf6 36. Nxf6+ Bxf6 37. Rg4 Qe8 38. Qxc7 Rxd4 39.
Qc2 Rxg4 40. hxg4 Qe5+ 41. Kh1 Qd5+ 42. Kh2 Be5+ 43. Kg1 Qd4+ 44. Kf1 Qxg4
45. Be3 Qf5+ 46. Qxf5 gxf5 47. Bc1 Kf7 48. Kf2 Ke6 49. Kf3 Kd5 50. Ke3 Kc5
51. Kd3 Kb4 52. Kc2 Bd4 53. Bd2+ Kc5 54. Bc1 f4 55. Bxf4
{Game drawn by mutual agreement}
1/2-1/2

[Event "ICC tourney 2715 (40 10)"]
[Site "Internet Chess Club"]
[Date "2021.10.23"]
[Round "2"]
[White "DIAO, MATTHEW GUO:MatthewDiao"]
[Black "CAO, RAY:rcww2020"]
[Result "1-0"]
[ICCResult "Black checkmated"]
[WhiteElo "1510"]
[BlackElo "1620"]
[Opening "Old Indian defense"]
[ECO "E61"]
[NIC "KI.76"]
[Time "13:15:47"]
[PlyCount "93"]
[TimeControl "2400+10"]

1. d4 Nf6 2. c4 d6 3. Nc3 g6 4. Nf3 Bg7 5. e3 O-O 6. Be2 c5 7. O-O a6 8. b3
Nc6 9. Bb2 cxd4 10. exd4 Qc7 11. Rc1 Bg4 12. d5 Bxf3 13. Bxf3 Ne5 14. Ne4
Nxf3+ 15. Qxf3 Nxe4 16. Bxg7 Nd2 17. Qf4 Kxg7 18. Qxd2 Qd7 19. Qd4+ Kg8 20.
Rfe1 b5 21. c5 dxc5 22. Rxc5 Rfc8 23. b4 Rxc5 24. bxc5 e6 25. d6 Rc8 26. Rd1
Rc6 27. Qf6 Rxc5 28. h3 Rc8 29. Qe7 Rd8 30. Rd3 f5 31. Qf6 Rf8 32. Qe5 Rc8
33. Kh2 Rc4 34. f3 Rc8 35. Kh1 a5 36. a3 Rc6 37. Kh2 b4 38. axb4 axb4 39.
Qb5 Qc8 40. d7 Qc7+ 41. f4 Qxf4+ 42. Rg3 Rc3 43. d8=Q+ Kg7 44. Qbd7+ Kh6 45.
Qf8+ Kh5 46. Qxh7+ Qh6 47. Qfxh6# {Black checkmated} 1-0

[Event "ICC tourney 2715 (40 10)"]
[Site "Internet Chess Club"]
[Date "2021.10.23"]
[Round "2"]
[White "PU, LANDON:landonp"]
[Black "VALE CRUZ, ARMIN:trucker"]
[Result "1/2-1/2"]
[ICCResult "Game drawn by repetition"]
[WhiteElo "1557"]
[BlackElo "1687"]
[Opening "Pirc: classical (two knights) system"]
[ECO "B08"]
[NIC "PU.10"]
[Time "13:16:13"]
[PlyCount "87"]
[TimeControl "2400+10"]

1. e4 d6 2. d4 Nf6 3. Nc3 g6 4. Nf3 Bg7 5. Bd3 O-O 6. Be3 c6 7. Qd2 Re8 8.
O-O-O b5 9. h4 h5 10. Bh6 Bh8 11. e5 Ng4 12. Qg5 e6 13. Qf4 d5 14. Nh2 Nxh6
15. Qxh6 Bg7 16. Qf4 Nd7 17. Nf3 Nf8 18. g4 hxg4 19. Qxg4 Bd7 20. h5 f5 21.
exf6 Qxf6 22. Ne5 g5 23. Ne2 Re7 24. f4 Bh6 25. Rdg1 Rg7 26. Nxd7 Nxd7 27.
Bg6 gxf4 28. Kb1 c5 29. Nxf4 Qxf4 30. Qxe6+ Kh8 31. Rf1 Qxd4 32. Be8 Rxe8
33. Qxe8+ Kh7 34. Re1 Nf6 35. Qe6 Ne4 36. Qf5+ Kh8 37. Qf8+ Kh7 38. Qf5+ Kh8
39. Qf8+ Kh7 40. Qf5+ Kg8 41. Qe6+ Kh7 42. Qf5+ Kh8 43. Qf8+ Kh7 44. Qf5+
{Game drawn by repetition}
1/2-1/2

[Event "ICC tourney 2715 (40 10)"]
[Site "Internet Chess Club"]
[Date "2021.10.23"]
[Round "2"]
[White "SCHWARCZ, MARK LEO:mikelawn"]
[Black "ACKERMAN, RYAN:RyanTime"]
[Result "0-1"]
[ICCResult "White checkmated"]
[WhiteElo "1531"]
[BlackElo "1744"]
[Opening "French: Steinitz, Boleslavsky variation"]
[ECO "C11"]
[NIC "FR.04"]
[Time "13:16:13"]
[PlyCount "238"]
[TimeControl "2400+10"]

1. e4 e6 2. d4 d5 3. Nc3 Nf6 4. e5 Nfd7 5. f4 c5 6. Nf3 Nc6 7. Be3 Be7 8.
Be2 O-O 9. O-O b6 10. Qd2 Bb7 11. Rae1 f5 12. exf6 Bxf6 13. Ne5 cxd4 14.
Bxd4 Ndxe5 15. fxe5 Bxe5 16. Bxe5 Nxe5 17. Qe3 Qd6 18. Nb5 Qc5 19. Qxc5 bxc5
20. Nc7 Ng6 21. Nxa8 Bxa8 22. Bg4 Rxf1+ 23. Rxf1 Nf8 24. Re1 Kf7 25. c3 a5
26. g3 Bc6 27. Kf2 Ke7 28. Bf3 Nd7 29. Bg4 Nf8 30. Kg1 Be8 31. Kf2 Bf7 32.
Kg1 Nd7 33. Kf2 Nb8 34. Bf3 Kd6 35. Rd1 Nd7 36. Bg2 Ne5 37. Bf3 Nxf3 38.
Kxf3 e5 39. Rd2 Bh5+ 40. g4 Bf7 41. Ke3 d4+ 42. cxd4 cxd4+ 43. Ke2 Bc4+ 44.
Ke1 Kd5 45. b3 Bb5 46. Rc2 e4 47. Rc8 e3 48. a3 d3 49. Rd8+ Ke4 50. a4 d2+
51. Kd1 Bc6 52. Ke2 Bd5 53. Re8+ Kd4 54. Rd8 Kc5 55. Rc8+ Kb4 56. Rb8+ Kc3
57. Rd8 Bxb3 58. Rd3+ Kc2 59. Kxe3 d1=Q 60. Rxd1 Kxd1 61. h4 Bxa4 62. g5 Kc2
63. h5 Be8 64. h6 gxh6 65. gxh6 a4 66. Kd4 a3 67. Ke5 a2 68. Kd4 a1=Q+ 69.
Ke4 Qh1+ 70. Ke5 Qxh6 71. Kd4 Kb3 72. Kd5 Ka4 73. Ke5 Ka5 74. Kd5 Ka6 75.
Ke5 Ka7 76. Kd5 Ka8 77. Ke5 Kb8 78. Kd5 Kc7 79. Ke5 Kd7 80. Kd5 Ke7 81. Ke5
Kf8 82. Kd5 Kg8 83. Ke5 Kh8 84. Kd5 Kg7 85. Ke5 Kg6 86. Kd5 Kh5 87. Ke5 Kh4
88. Kd5 Kh3 89. Ke5 Kh2 90. Kd5 Kh1 91. Ke5 Kg1 92. Kd5 Kf1 93. Ke5 Ke1 94.
Kd5 Kd1 95. Ke5 Kc1 96. Kd5 Kb1 97. Ke5 Ka1 98. Kd5 Ka2 99. Ke5 Ka3 100. Kd5
Ka4 101. Ke5 Ka5 102. Kd5 Ka6 103. Ke5 Ka7 104. Kd5 Ka8 105. Ke5 Kb8 106.
Kd5 Kc8 107. Ke5 Kd8 108. Kd5 Ke7 109. Ke5 Kf8 110. Kd5 Kg8 111. Ke5 Kh8
112. Kd5 Qf6 113. Ke4 h5 114. Kd5 h4 115. Kc5 h3 116. Kd5 h2 117. Kc4 h1=Q
118. Kc5 Qhc6+ 119. Kb4 Qfc3# {White checkmated} 0-1

[Event "ICC tourney 2715 (40 10)"]
[Site "Internet Chess Club"]
[Date "2021.10.23"]
[Round "3"]
[White "MENON, ROHAN Dileep:KIDFIRE"]
[Black "TREUSDELL, ROSS G:IveDoneEnough"]
[Result "0-1"]
[ICCResult "White checkmated"]
[WhiteElo "1542"]
[BlackElo "1797"]
[Opening "King's Indian, 3.Nf3"]
[ECO "E60"]
[NIC "KI.80"]
[Time "15:30:26"]
[PlyCount "90"]
[TimeControl "2400+10"]

1. d4 Nf6 2. c4 g6 3. Nf3 Bg7 4. Bg5 Ne4 5. Bh4 d5 6. e3 c5 7. Bd3 cxd4 8.
exd4 Nc6 9. Qc2 Bf5 10. cxd5 Qxd5 11. g4 Nd6 12. gxf5 Qxf3 13. Rg1 O-O 14.
fxg6 hxg6 15. Nd2 Qf4 16. Bg5 Qxd4 17. Be3 Qxb2 18. Qxb2 Bxb2 19. Rb1 Bc3
20. Bc5 Rad8 21. Bc2 Bxd2+ 22. Kxd2 Ne4+ 23. Ke1 Nxc5 24. Rb5 b6 25. Bxg6
fxg6 26. Rxg6+ Kf7 27. Rxc6 Rh8 28. Rb4 Nd3+ 29. Ke2 Nxb4 30. Rc7 Rxh2 31.
Rxa7 Nd3 32. Ra3 Rxf2+ 33. Ke3 Rh2 34. Ke4 Rh4+ 35. Ke3 Rh3+ 36. Ke4 Nc5+
37. Kf4 Rxa3 38. Kg4 Rd5 39. Kf4 Rxa2 40. Kg3 Rd4 41. Kf3 Ra3+ 42. Ke2 Rh4
43. Kf2 Rh2+ 44. Kg1 Rb2 45. Kf1 Ra1# {White checkmated} 0-1

[Event "ICC tourney 2715 (40 10)"]
[Site "Internet Chess Club"]
[Date "2021.10.23"]
[Round "3"]
[White "WU, EVERETT:EW2006"]
[Black "Feng, Jay:TheDeadlyPawn"]
[Result "1-0"]
[ICCResult "Black resigns"]
[WhiteElo "1606"]
[BlackElo "1358"]
[Opening "Caro-Kann: Panov-Botvinnik attack"]
[ECO "B13"]
[NIC "CK.03"]
[Time "15:30:19"]
[PlyCount "57"]
[TimeControl "2400+10"]

1. e4 c6 2. d4 d5 3. exd5 cxd5 4. c4 Nf6 5. Nc3 Nc6 6. cxd5 Nxd5 7. Bb5 Nxc3
8. bxc3 e6 9. Bxc6+ bxc6 10. Ne2 Bd6 11. Bf4 O-O 12. O-O Ba6 13. Bxd6 Qxd6
14. Re1 Rfd8 15. Qc2 Bc4 16. Nc1 c5 17. dxc5 Qxc5 18. Nb3 Qg5 19. Rad1 Bd5
20. g3 Qh5 21. Nd4 e5 22. Nf5 Bf3 23. Rxd8+ Rxd8 24. Nh4 f6 25. Nxf3 Qxf3
26. Qb3+ Qd5 27. Rd1 Qxb3 28. Rxd8+ Kf7 29. axb3 {Black resigns} 1-0